 Dungeon Crawl Stone Soup version 0.22-a0-460-g49b1da7 (webtiles) character file.

39 epen the Ducker (level 3, 0/17 HPs)
             Began as a Spriggan Air Elementalist on June 9, 2018.
             Slain by a goblin
             ... wielding a +0 dagger
              (1 damage)
             ... on level 2 of the Dungeon.
             The game lasted 00:04:41 (2070 turns).

epen the Ducker (Spriggan Air Elementalist)         Turns: 2070, Time: 00:04:43

Health: 0/17       AC:  2    Str:  4    XL:     3   Next: 26%
Magic:  1/8        EV: 19    Int: 17    God:
Gold:   103        SH:  0    Dex: 16    Spells: 4/8 levels left

rFire    + . .     SeeInvis +   j - +0 dagger
rCold    . . .     Gourm    .   (shield restricted)
rNeg     . . .     Faith    .   a - +0 robe
rPois    .         Spirit   .   (helmet restricted)
rElec    .         Reflect  .   i - scarf {repulsion}
rCorr    .         Harm     .   (gloves unavailable)
MR       .....                  (boots unavailable)
Stlth    ++........             (no amulet)
HPRegen  0.05/turn              l - ring of protection from fire
MPRegen  0.11/turn              (no ring)

@: very slightly contaminated, repel missiles, very quick
A: very small, unfitting armour, see invisible, herbivore, speed 3, slow
metabolism 2
a: no special abilities


You were on level 2 of the Dungeon.
You were not hungry.

You visited 1 branch of the dungeon, and saw 2 of its levels.

You collected 103 gold pieces.

Inventory:

Hand Weapons
 j - a +0 dagger (weapon)
Armour
 a - a +0 robe (worn)
 i - a scarf of repulsion (worn)
Jewellery
 l - a ring of protection from fire (left hand)
Scrolls
 d - a scroll of identify {unknown}
 e - 2 scrolls of remove curse {unknown}
 g - 2 scrolls of amnesia {unknown}
 h - a scroll of enchant weapon {unknown}
 k - 2 scrolls of teleportation {unknown}
Potions
 b - a potion of haste {unknown}
 f - 2 potions of curing {unknown}
 m - 2 potions of mutation {unknown}
Comestibles
 c - 7 rations


   Skills:
 + Level 0.9 Fighting
 + Level 3.5 Dodging
 - Level 3.0 Stealth
 + Level 3.2 Spellcasting
 + Level 1.1 Conjurations
 + Level 3.0 Air Magic


You had 4 spell levels left.
You knew the following spells:

 Your Spells              Type           Power        Failure   Level  Hunger
a - Shock                 Conj/Air       #...         8%          1    None
b - Static Discharge      Conj/Air       #.......     22%         3    ###....

Your spell library contained the following spells:

 Spells                   Type           Power        Failure   Level  Hunger
 Lightning Bolt           Conj/Air       #.........   90%         5    ######.
 Swiftness                Chrm/Air       #.......     14%         2    ##.....
 Airstrike                Air            ##........   45%         4    ####...


Dungeon Overview and Level Annotations

Branches:
Dungeon (2/15)

Altars:

Annotations:
D:2 Sigmund


Innate Abilities, Weirdness & Mutations

You are very small and have problems with some larger weapons.
You are too small for most types of armour.
You have supernaturally acute eyesight. (SInv)
You are a herbivore.
You cover ground extremely quickly.
You need to consume almost no food.


Message History

A goblin comes into view. It is wielding a dagger.
The goblin shouts!
The bat closely misses you.
You hit the goblin but do no damage. The bat misses you.
The goblin hits you but does no damage.
Casting: Shock (safe; 8% risk of failure)
Confirm with . or Enter, or press ? or * to list all spells.
You don't know that spell.
Casting: Shock (safe; 8% risk of failure)
Confirm with . or Enter, or press ? or * to list all spells.
You miscast Static Discharge.
You are very lightly contaminated with residual magic.
Your skin glows momentarily.
The goblin hits you with a dagger.
* * * LOW HITPOINT WARNING * * *
The bat barely misses you.
Casting: Static Discharge (safe; 22% risk of failure)
Confirm with . or Enter, or press ? or * to list all spells.
You miscast Static Discharge.
You smell something strange.
The bat hits you but does no damage. The goblin hits you with a dagger.
You die...

#.## .......K....... #..#
#g.###... #..# ##<.#..# #
..## ##.#.# # #..# #...#
###..# ##..# .)...#### #.##
##..# .#....†.# #....####
###g..# .##..##..#
#.g@.###...#.# .##..# ....
####.##..###.# .##..# ##.#
#b##.## #.# ..#..# #..
#..#.####.# #.#..#
#.#####.....##.# #.#..#
....##...#..#.####### #.#..#
#..#.####.#.......# #.#..##
#######...####..#..###).
#.#...####........##.......##
##.


You could see a goblin and a bat.

Vanquished Creatures
  A leopard gecko (D:2)
  5 bats
  5 goblins
  7 hobgoblins
  2 jackals (D:1)
  5 kobolds
  A ball python (D:2)
  3 frilled lizards
  3 rats
32 creatures vanquished.

Notes
Turn   | Place    | Note
-------+----------+-------------------------------------------
     0 | D:1      | epen the Spriggan Air Elementalist began the quest for the Orb.
     0 | D:1      | Reached XP level 1. HP: 9/9 MP: 5/5
   337 | D:1      | Reached XP level 2. HP: 14/14 MP: 4/6
   500 | D:1      | Reached skill level 1 in Conjurations
  1471 | D:2      | Noticed Sigmund
  1497 | D:2      | Reached XP level 3. HP: 17/17 MP: 4/8
  1504 | D:2      | Learned a level 3 spell: Static Discharge
  2070 | D:2      | Slain by a goblin

Vault maps used:
D:1:      roderic_dead_forest
D:2:      first_ration, uniq_sigmund

Skill      XL: |  1  2  3 |
---------------+----------+-----
Spellcasting   | 3 |  3.2
Conjurations   | 1 |  1.1
Air Magic      | 3 |  3.0
Fighting       | |  0.9
Dodging        | |  3.5
Stealth        | |  3.0

Action                   || total
-------------------------++-------
Melee: Unarmed           ||    16
       Dagger            ||    29
 Cast: Shock             ||    60
       Static Discharge  ||     2
 Stab: Sleeping          ||     1
Armor: Robe              ||     7
Dodge: Dodged            ||    77
       Deflected         ||     1

Table legend:
 A = Spawn XP
 B = Non-spawn XP
 C = Spawn XP percentage of total XP
 D = Spawn monster count
 E = Non-spawn monster count
 F = Spawn count percentage of total count
 G = Total turns spent on level
                    A         B        C        D         E        F      G
               +---------+---------+-------+---------+---------+-------+---------
         Total |       0 |      56 |   0.0 |       0 |      32 |   0.0 |  2070
               +---------+---------+-------+---------+---------+-------+---------
           D:1 |       0 |      38 |   0.0 |       0 |      21 |   0.0 |  1456
           D:2 |       0 |      18 |   0.0 |       0 |      11 |   0.0 |   614
               +---------+---------+-------+---------+---------+-------+---------
